 Dungeon Crawl Stone Soup version 0.29.1-15-g9cfb28693d (webtiles) character file.

Game seed: 12467364911081663839

135 BuddhaDhamma the Chopper (level 4, 0/39 HPs)
             Began as a Minotaur Berserker on Mar 18, 2023.
             Was a Believer of Trog.
             Killed by nerve-wracking pain
             ... invoked by an orc priest
              (6 damage)
             ... on level 3 of the Dungeon.
             The game lasted 00:02:31 (1783 turns).

BuddhaDhamma the Chopper (Minotaur Berserker)       Turns: 1783, Time: 00:02:31

Health: 0/39       AC: 11    Str: 23    XL:     4   Next: 96%
Magic:  3/3        EV:  8    Int:  4    God:    Trog [**....]
Gold:   131        SH:  0    Dex: 10    Spells: 3/3 levels left

rFire   . . .      SeeInvis .   a - +0 hand axe
rCold   . . .      Faith    .   (no shield)
rNeg    . . .      Spirit   .   l - +0 chain mail
rPois   .          Reflect  .   (helmet restricted)
rElec   .          Harm     .   (no cloak)
rCorr   .          Rampage  .   o - +0 pair of gloves
Will    .....                   k - +0 pair of boots
Stlth   ..........              (no amulet)
HPRegen 0.13/turn               (no ring)
MPRegen 0.08/turn               (no ring)

@: confused, on berserk cooldown, slowed, very slow
A: horns 2, retaliatory headbutt
a: Renounce Religion, Berserk, Trog's Hand


You were on level 3 of the Dungeon.
You worshipped Trog.
Trog was pleased with you.
You visited 1 branch of the dungeon, and saw 3 of its levels.

You collected 131 gold pieces.

Inventory:

Hand Weapons
 a - a +0 hand axe (weapon)
Armour
 k - a +0 pair of boots (worn)
 l - a +0 chain mail (worn)
 o - a +0 pair of gloves (worn)
Wands
 n - a wand of flame (19)
Scrolls
 c - a scroll of enchant armour {unknown}
 d - a scroll of torment {unknown}
 e - a scroll of teleportation {unknown}
 f - 2 scrolls of identify {unknown}
 p - a scroll of amnesia {unknown}
Potions
 b - 2 potions of cancellation {unknown}
 g - 2 potions of invisibility {unknown}
 h - 2 potions of haste {unknown}
 i - 4 potions of curing {unknown}
 j - 2 potions of degeneration {unknown}
 m - a potion of attraction {unknown}


   Skills:
 - Level 3.6 Fighting
 + Level 6.9 Axes
 - Level 2.4 Armour
 - Level 2.1 Dodging


You had 3 spell levels left.
You didn't know any spells.
Your spell library was empty.

Dungeon Overview and Level Annotations

Branches:
Dungeon (3/15)

Altars:

Annotations:
D:3 Sigmund


Innate Abilities, Weirdness & Mutations

You have a pair of horns on your head.
You reflexively headbutt those who attack you in melee.


Message History

You kill the adder!
Trog accepts your kill.
You barely miss the orc priest. You miss the orc. You hit the orc wizard.
Sigmund gestures at you while chanting. You resist with some effort.
The orc hits you but does no damage.
The orc priest hits you but does no damage.
The orc wizard closely misses you.
There is a stone staircase leading up, spattered with blood here.
You bump into the rock wall.
You feel a strong urge to attack something.
You are no longer berserk.
You are exhausted.
You feel yourself slow down.
The orc priest hits you with a +0 dagger.
The orc wizard mumbles some strange words.
The orc wizard flickers and vanishes!
Deactivating autopickup; reactivate with Ctrl-A.
You bump into the rock wall.
The orc hits you with a +1 mace of protection.
The orc barely misses you. Sigmund hits you but does no damage.
The orc priest begins to cast a cantrip, but forgets the words!
You hear some strange, mumbled words.
A puff of flame appears from out of thin air!
The puff of flame hits you!
You barely miss something. You hit the orc but do no damage.
You miss the orc priest. You hit the orc.
The orc priest hits you but does no damage.
Something hits you but does no damage.
The orc hits you with a +1 mace of protection.
The orc priest looks encouraged for a moment.
The orc hits you with a +0 dagger.
* * * LOW HITPOINT WARNING * * *
Sigmund casts a spell at you.
The puff of flame hits you but does no damage.
The orc hits you but does no damage. The orc hits you with a +0 dagger.
* * * LOW HITPOINT WARNING * * *
Something hits you but does no damage.
The orc priest invokes the aid of Beogh against you.
Pain shoots through your body!
You die...

.......
###.......
..#.......
#.#.......
#.#.......
#@#o......
#{oo......
#@o..[#
##o.......
######.##


You could see Sigmund, 2 orc priests and 3 orcs.

Vanquished Creatures
  Terence (D:2)
  5 gnolls
  2 adders
  A worm (D:2)
  A dart slug (D:2)
  4 orcs
  An endoplasm (D:2)
  A giant cockroach (D:2)
  4 hobgoblins (D:1)
  4 jackals (D:2)
  4 quokkas
  A ball python (D:1)
  4 goblins
  2 kobolds
  6 rats
41 creatures vanquished.

Notes
Turn   | Place    | Note
-------+----------+-------------------------------------------
     0 | D:1      | BuddhaDhamma the Minotaur Berserker began the quest for the
                  | Orb.
     0 | D:1      | Reached XP level 1. HP: 19/19 MP: 0/0
    28 | D:1      | Found a faded altar of an unknown god.
   158 | D:1      | Reached skill level 4 in Axes
   458 | D:1      | Reached XP level 2. HP: 26/26 MP: 1/1
   678 | D:1      | Reached skill level 5 in Axes
   850 | D:2      | Reached XP level 3. HP: 27/31 MP: 2/2
  1093 | D:2      | Reached skill level 6 in Axes
  1093 | D:2      | Reached XP level 4. HP: 21/39 MP: 3/3
  1206 | D:2      | Reached ** piety under Trog
  1366 | D:2      | Noticed Terence
  1371 | D:2      | Killed Terence
  1775 | D:3      | Noticed Sigmund
  1783 | D:3      | Killed from afar by an orc priest

Illustrated notes

Levels and vault maps discovered:
D:1:      dpeg_arrival_long_road, layout_basic,
          hellmonk_ecumenical_altar_lost_god
D:2:      layout_rooms, serial_aquarium, aquarium_bridge_long_joined
          [aquarium_subvault_bridge, aquarium_subvault_window,
          aquarium_subvault_balcony, aquarium_subvault_bridge,
          aquarium_subvault_wall, aquarium_subvault_balcony],
          aquarium_window_fake, aquarium_window_1, aquarium_window_1,
          aquarium_view_2a, aquarium_balcony_3b, minmay_misc_feat_ornament,
          uniq_terence
D:3:      layout_basic, hangedman_feature_mirror, minmay_goblin_outpost,
          uniq_sigmund, uniq_ijyb

Skill      XL: |  1  2  3 |
---------------+----------+-----
Axes           | 4 5 6 |  6.9
Fighting       | |  3.6
Armour         | |  2.4
Dodging        | |  2.1

Action                   |  1- 3 |  4- 6 || total
-------------------------+-------+-------++-------
Melee: Hand axe          |    61 |    28 ||    89
       Headbutt          |    11 |     5 ||    16
Invok: Berserk           |     1 |     2 ||     3
 Stab: Sleeping          |     1 |       ||     1
Armor: Animal skin       |     2 |       ||     2
       Chain mail        |     5 |    31 ||    36
Dodge: Dodged            |    29 |    26 ||    55
